 Dungeon Crawl Stone Soup version 0.30-a0-779-g7971cf19c3 (webtiles) character file.

Game seed: 1567354220059275267

555 KleinerIrrer the Ruffian (level 7, 0/57 HPs)
             Began as a Red Draconian Chaos Knight on Feb 17, 2023.
             Was a Plaything of Xom.
             Succumbed to a water moccasin's poison
             ... on level 4 of the Dungeon.
             The game lasted 00:07:04 (2825 turns).

KleinerIrrer the Ruffian (DrCK)                     Turns: 2825, Time: 00:07:04

Health: 0/57       AC:  7    Str: 17    XL:     7   Next: 8%
Magic:  4/7        EV:  7    Int: 12    God:    Xom [*.....]
Gold:   1061       SH: 10    Dex: 10    Spells: 6/6 levels left

rFire   + . .      SeeInvis .      - Unarmed
rCold   + . .      Faith    .    i - +0 tower shield
rNeg    . . .      Spirit   +    (body armour unavailable)
rPois   .          Reflect  .    (helmet restricted)
rElec   .          Harm     .    (no cloak)
rCorr   .          Rampage  .    (no gloves)
Will    .....                    f - +0 pair of boots
Stlth   +                        l - amulet of guardian spirit
HPRegen 0.29/turn                (no ring)
MPRegen 0.10/turn                (no ring)

@: lethally poisoned (0 -> -8), about to teleport, flying
A: breathe fire, AC +6, unfitting armour, fire resistance 1, cold-blooded, big
wings, talons 1, cold resistance 1, screaming 1
a: Breathe Fire, Renounce Religion


You were on level 4 of the Dungeon.
You worshipped Xom.
You were a special plaything of Xom.
You visited 1 branch of the dungeon, and saw 4 of its levels.

You collected 1061 gold pieces.

Inventory:

Missiles
 c - 4 poisoned darts
 o - 7 boomerangs
 s - 6 curare-tipped darts
 v - 8 javelins
Armour
 f - a +0 pair of boots (worn)
 i - a +0 tower shield (worn)
Jewellery
 d - a ring of fire
 h - an amulet of magic regeneration
 l - an amulet of guardian spirit (around neck)
Wands
 n - a wand of flame (13)
Scrolls
 b - a scroll of acquirement {unknown}
 j - a scroll of amnesia
 q - a scroll of fear {unknown}
 r - a scroll of silence {unknown}
Potions
 e - a potion of flight
 m - 3 potions of degeneration
Miscellaneous
 a - a piece from Xom's chessboard (15/15) (quivered)


   Skills:
 - Level 3.6 Fighting
 - Level 2.4 Dodging
 + Level 0.6 Shields
 + Level 7.8 Unarmed Combat


You had 6 spell levels left.
You didn't know any spells.
Your spell library contained the following spells:

 Spells                   Type           Power      Damage    Failure   Level
 Blink                    Tloc           0%         N/A       100%        2
 Lesser Beckoning         Tloc           0%         N/A       100%        2
 Momentum Strike          Conj/Tloc      0%         3d8       100%        2
 Passwall                 Tmut/Erth      0%         N/A       100%        2
 Gell's Gravitas          Tloc           0%         N/A       100%        3
 Teleport Other           Tloc           0%         N/A       100%        3
 Petrify                  Tmut/Erth      0%         N/A       100%        4
 Lee's Rapid Deconstruct  Erth           0%         3d4*      100%        5
 Dispersal                Tloc           0%         N/A       100%        6


Dungeon Overview and Level Annotations

Branches:
Dungeon (4/15)
 Temple: D:4-7

Altars:
Fedhas
Okawaru
Lugonu

Portals:
Abyss: D:4


Innate Abilities, Weirdness & Mutations

You can breathe blasts of fire.
Your fiery red scales are hard. (AC +6)
You cannot fit into any form of body armour.
Your flesh is heat resistant. (rF+)
You are cold-blooded and may be slowed by cold attacks.
Your large and strong wings let you fly.
You have sharp toenails.
Your flesh is cold resistant. (rC+)
You occasionally shout uncontrollably at your foes.


Message History

The water moccasin bites you.
You are poisoned.
The water moccasin poisons you! The water moccasin bites you!
You are lethally poisoned!
The water moccasin poisons you!
You barely miss the water moccasin.
The water moccasin is lightly wounded.
You feel extremely sick. The water moccasin bites you.
You closely miss the water moccasin.
You tail-slap the water moccasin, but do no damage.
The water moccasin is lightly wounded.
* * * LOW HITPOINT WARNING * * *
You feel very sick. The water moccasin barely misses you.
The water moccasin closely misses you.
It was a potion of magic.
Magic courses through your body.
* * * LOW HITPOINT WARNING * * *
You feel very sick. You block the water moccasin's attack.
It was a potion of lignification.
You turn into a tree.
Your +0 pair of boots melds into your body.
Your roots penetrate the ground.
* * * LOW HITPOINT WARNING * * *
You feel very sick.
The water moccasin bites you but does no damage. x2
It was a potion of cancellation.
Your magical effects are unravelling.
You feel magically purged.
You feel less wooden.
Your +0 pair of boots unmelds from your body.
You feel a little less clever now.
* * * LOW HITPOINT WARNING * * *
You feel very sick. The water moccasin bites you.
* * * LOW HITPOINT WARNING * * *
You can already fly.
As you read the scroll labelled XIFABROKUI, it crumbles to dust.
You feel strangely unstable.
It was a scroll of teleportation.
You die...
Xom chortles!

#.........# #.......##.....###
##.......### #.......##...####.
#...^....#####......####.......
#...........#..................
#...........#..................
#......##...#..................
###.....#...#.....$... .......
#................... .......
#...........@...## #######
#............†S....# #....
#.........#.###....# #....
#.......#<#.# ....... #....
#.....#...... ...$... #....
#.........?... ....... #....
.....#............... #....
....#............... #....
#.......... #....


You could see a water moccasin.

Vanquished Creatures
  Sigmund (D:2)
  2 orc priests
  A hound (D:2)
  An iguana (D:4)
  Natasha (thrice) (D:2)
  An orc wizard (D:4)
  Robin (D:2)
  7 adders
  9 orcs
  8 endoplasms
  4 giant cockroaches
  8 hobgoblins
  2 jackals (D:4)
  12 kobolds
  2 quokkas
  7 ball pythons
  4 bats
  4 frilled lizards (D:1)
  20 goblins
  8 rats
  A spectral hobgoblin (D:3)
106 creatures vanquished.

Notes
Turn   | Place    | Note
-------+----------+-------------------------------------------
     0 | D:1      | KleinerIrrer the Draconian Chaos Knight began the quest for
                  | the Orb.
     0 | D:1      | Reached XP level 1. HP: 19/19 MP: 1/1
    13 | D:1      | XOM: silly message
    19 | D:1      | XOM: silly message
   161 | D:1      | Reached XP level 2. HP: 25/26 MP: 2/2
   372 | D:1      | Got the Compilation of Talus
   623 | D:1      | XOM is BORED!
   623 | D:1      | XOM: give mutations
   623 | D:1      | Gained mutation: You occasionally shout uncontrollably at
                  | your foes. [Xom's mischief]
   623 | D:1      | Gained mutation: You occasionally lose the ability to drink
                  | potions when taking damage. [Xom's mischief]
   623 | D:1      | Gained mutation: Your magical capacity is low. (-10% MP)
                  | [Xom's mischief]
   644 | D:2      | Noticed Sigmund
   654 | D:2      | XOM: fog
   667 | D:2      | Killed Sigmund
   668 | D:2      | Reached skill level 5 in Unarmed Combat
   668 | D:2      | Reached XP level 3. HP: 21/31 MP: 2/2
   668 | D:2      | Reached XP level 4. HP: 27/39 MP: 3/3
   668 | D:2      | Reached XP level 5. HP: 31/45 MP: 4/4
   809 | D:2      | Noticed Natasha
   816 | D:2      | Killed Natasha
   817 | D:2      | Reached skill level 6 in Unarmed Combat
   843 | D:2      | XOM: god gift: 871 gold pieces
   882 | D:2      | Found an iron altar of Okawaru.
   901 | D:2      | Noticed Natasha
   908 | D:2      | Killed Natasha
   908 | D:2      | XOM: cast spell 'Chain of Chaos'
   914 | D:2      | Reached XP level 6. HP: 39/51 MP: 5/5
   934 | D:2      | XOM: give mutations
   934 | D:2      | Gained mutation: You have sharp toenails. [Xom's grace]
   934 | D:2      | Gained mutation: You are partially covered in large bone
                  | plates. (SH +4) [Xom's grace]
   934 | D:2      | Gained mutation: Your large and strong wings let you fly.
                  | [Xom's grace]
   934 | D:2      | Gained mutation: Your flesh is cold resistant. (rC+) [Xom's
                  | grace]
  1006 | D:2      | Noticed Robin
  1012 | D:2      | Killed Robin
  1085 | D:2      | XOM: 1-stop teleportation journey
  1085 | D:2      | Noticed Natasha
  1094 | D:2      | Killed Natasha
  1280 | D:2      | Reached skill level 7 in Unarmed Combat
  1713 | D:3      | XOM: enchant monster (good)
  1779 | D:3      | Found a blossoming altar of Fedhas.
  2077 | D:3      | XOM: silly message
  2168 | D:3      | Found a faded altar of an unknown god.
  2340 | D:4      | Found a large runed translucent door.
  2340 | D:4      | Found a large runed translucent door.
  2375 | D:4      | Found a corrupted altar of Lugonu.
  2413 | D:4      | Lost mutation: You are partially covered in large bone
                  | plates. (SH +4) [potion of mutation]
  2413 | D:4      | Lost mutation: Your magical capacity is low. (-10% MP)
                  | [potion of mutation]
  2413 | D:4      | Lost mutation: You occasionally lose the ability to drink
                  | potions when taking damage. [potion of mutation]
  2427 | D:4      | Your scales start taking on a fiery red colour.
  2427 | D:4      | Reached XP level 7. HP: 57/57 MP: 7/7
  2427 | D:4      | Gained mutation: Your flesh is heat resistant. (rF+) [Red
                  | Draconian growth]
  2491 | D:4      | Found a one-way gate to the infinite horrors of the Abyss.
  2812 | D:4      | XOM: swap monsters
  2824 | D:4      | HP: 2/57 [water moccasin (3)]
  2825 | D:4      | Succumbed to a water moccasin's poison

Illustrated notes

Levels and vault maps discovered:
D:1:      minmay_arrival_glassed_features, layout_basic
D:2:      minmay_chambers_of_twos, layout_basic, basic_altar,
          minmay_tetromino_i4, uniq_sigmund, uniq_natasha, uniq_robin
D:3:      kennysheep_big_flooded_room, layout_rooms, fedhas_ov_isle_minmay,
          dreamdust_ecumenical_altar_drowned_temple,
          minmay_fractal_squares_gapless_5
D:4:      due_chaos_kobolds, layout_basic

Skill      XL: |  1  2  3  4  5  6 |
---------------+-------------------+-----
Unarmed Combat | 5 6 7 |  7.8
Fighting       | |  3.6
Dodging        | |  2.4
Shields        | |  0.6

Action                     |  1- 3 |  4- 6 |  7- 9 || total
---------------------------+-------+-------+-------++-------
  Melee: Unarmed           |   108 |   195 |    40 ||   343
         Tailslap          |     9 |    22 |     7 ||    38
         Punch             |       |     5 |       ||     5
  Evoke: Piece from Xom's  |     1 |       |       ||     1
    Use: Scroll            |       |     5 |     2 ||     7
         Potion            |       |     1 |     5 ||     6
   Stab: Paralysed         |     7 |       |       ||     7
         Sleeping          |     1 |       |     1 ||     2
 Armour: Skin              |    23 |    74 |    22 ||   119
  Dodge: Dodged            |    67 |    79 |    21 ||   167
  Block: Other             |       |    22 |       ||    22
         Tower shield      |       |       |    39 ||    39

Table legend: (Time is in decaauts)
 A = Elapsed time spent in this place.
 B = Non-inter-level travel time spent in this place.
 C = Inter-level travel time spent in this place.
 D = Time resting spent in this place.
 E = Time spent auto-exploring this place.
 F = Levels seen in this place.
 G = Mean time per level.
                   A        B        C        D        E       F      G
               +--------+--------+--------+--------+--------+-----+--------+
         Total |   2810 |   2640 |    170 |     96 |   1857 |   4 |  702.5 |
       Dungeon |   2810 |   2640 |    170 |     96 |   1857 |   4 |  702.5 |
               +--------+--------+--------+--------+--------+-----+--------+

Top non-repeatable levels by time:
     D:2: 953 daAuts
     D:1: 672 daAuts
     D:4: 617 daAuts
     D:3: 567 daAuts
